 Dungeon Crawl Stone Soup version 0.27-a0-1187-ge80a49f48c (webtiles) character file.

Game seed: 5802173360245885851

240267 Lemonice the Phalangite (level 19, -6/167 HPs)
             Began as a Merfolk Gladiator on May 20, 2021.
             Was a Priest of Ashenzari.
             Shot with an arrow by a deep elf master archer (14 damage)
             ... on level 3 of the Elven Halls.
             The game lasted 01:26:34 (37753 turns).

Lemonice the Phalangite (Merfolk Gladiator)        Turns: 37753, Time: 01:26:35

Health: -6/167     AC: 22    Str: 25    XL:     19   Next: 77%
Magic:  34/34      EV: 25    Int: 12    God:    Ashenzari [***...]
Gold:   1559       SH: 12    Dex: 25    Spells: 40/40 levels left

rFire    + . .     SeeInvis +   p - +4 demon trident of the Eternal Lethargy {vamp, Melee, Cun} (curse)
rCold    . . .     Faith    .   M - +3 warlock's mirror {reflect}
rNeg     + . .     Spirit   .   S - +1 chain mail of Etauneiv {-Cast Str+7 Dex+2 SInv}
rPois    +         Reflect  +   g - +2 helmet of Curses and Power {Bglg, Melee} (curse)
rElec    .         Harm     .   L - +0 cloak
rCorr    .         Rampage  .   X - +1 pair of gloves of the Chained Stars {Bglg, Self} (curse)
Will     ++++.     Clarity  +   i - +0 pair of boots Stlth ..........NoCast +
                                G - amulet "Bound With Me" {Acrobat rF+ Will+ Regen+, Alch, Melee} (curse)
HPRegen  1.37/turn              O - ring of the Sky {rN+ Will+ SInv, Fort, Self} (curse)
MPRegen  0.24/turn              F - +6 ring of dexterity

@: about to teleport
A: (nimble swimmer 2), mertail, clever 1, strong-willed 1, poison resistance
}: 1/15 runes: decaying
a: Renounce Religion, Curse Item, Shatter the Chains


You were on level 3 of the Elven Halls.
You worshipped Ashenzari.
Ashenzari was most pleased with you.
You visited 6 branches of the dungeon, and saw 31 of its levels.
You visited the Abyss 1 time.
You also visited: Ossuary and Gauntlet.

You collected 4105 gold pieces.
You spent 2546 gold pieces at shops.

Inventory:

Hand Weapons
 a - a +0 trident
 p - the cursed +4 demon trident of the Eternal Lethargy (weapon) {vamp, Melee, Cun}
   (You acquired it on level 8 of the Dungeon)

   It inflicts no extra harm, but heals its wielder when it wounds a living foe.
   It has a curse which improves the following skills: Melee Combat: Short
   Blades, Long Blades, Axes, Maces & Flails, Polearms, Staves and Unarmed
   Combat.
   Cunning:   Dodging and Stealth.
 I - a +2 trident of protection
 Q - a +4 halberd
Missiles
 x - a throwing net (quivered)
 V - 3 boomerangs of dispersal
Armour
 b - the +18 shield of the Gong {rElec rN+ Will+ EV-5}
   (You found it on level 2 of the Swamp)

   It affects your evasion (-5).
   It insulates you from electricity.
   It protects you from negative energy.
   It increases your willpower.
 g - the cursed +2 helmet of Curses and Power (worn) {Bglg, Melee}
   (You found it on level 1 of the Dungeon)

   It has a curse which improves the following skills: Beguiling: Conjurations,
   Hexes and Translocations.
   Melee Combat: Short Blades, Long Blades, Axes, Maces & Flails, Polearms,
   Staves and Unarmed Combat.
 i - a +0 pair of boots (worn)
 L - a +0 cloak (worn)
 M - the +3 warlock's mirror (worn) {reflect}
   (You bought it in a shop on level 2 of the Orcish Mines)
 S - the +1 chain mail of Etauneiv (worn) {-Cast Str+7 Dex+2 SInv}
   (You found it on level 7 of the Dungeon)

   It affects your strength (+7).
   It affects your dexterity (+2).
   It lets you see invisible.
   It prevents spellcasting.
 X - the cursed +1 pair of gloves of the Chained Stars (worn) {Bglg, Self}
   (You found it on level 6 of the Dungeon)

   It has a curse which improves the following skills: Beguiling: Conjurations,
   Hexes and Translocations.
   Introspection: Fighting and Spellcasting.
Jewellery
 s - the ring of Pokhlane {Fly rElec rC++ AC+4 Str-2}
   (You found it in a Gauntlet)

   [ring of protection]

   It affects your AC (+4).
   It affects your strength (-2).
   It greatly protects you from cold.
   It insulates you from electricity.
   It grants you flight.
 t - a +6 ring of strength
 F - a +6 ring of dexterity (right hand)
 G - the cursed amulet "Bound With Me" (around neck) {Acrobat rF+ Will+ Regen+, Alch, Melee}
   (You bought it in a shop on level 2 of the Orcish Mines)

   [amulet of the acrobat]

   It increases your evasion while moving and waiting.
   It protects you from fire.
   It increases your rate of health regeneration.
   It increases your willpower.
   It has a curse which improves the following skills: Alchemy: Poison Magic and
   Transmutations.
   Melee Combat: Short Blades, Long Blades, Axes, Maces & Flails, Polearms,
   Staves and Unarmed Combat.
 O - the cursed ring of the Sky (left hand) {rN+ Will+ SInv, Fort, Self}
   (You bought it in a shop on level 2 of the Orcish Mines)

   [ring of willpower]

   It protects you from negative energy.
   It lets you see invisible.
   It increases your willpower.
   It has a curse which improves the following skills: Fortitude: Armour and
   Shields.
   Introspection: Fighting and Spellcasting.
 W - a ring of magical power
Wands
 d - a wand of iceblast (6)
 T - a wand of flame (37)
 U - a wand of acid (21)
 Y - a wand of polymorph (18)
 Z - a wand of digging (7)
Scrolls
 e - 5 scrolls of amnesia
 f - 29 scrolls of identify
 h - 10 scrolls of teleportation
 j - 2 scrolls of silence
 o - 4 scrolls of magic mapping
 q - 4 scrolls of vulnerability
 r - 2 scrolls of holy word
 v - 6 scrolls of brand weapon
 w - 4 scrolls of fear
 y - 2 scrolls of blinking
 C - 4 scrolls of fog
 D - 2 scrolls of enchant armour
 J - 3 scrolls of enchant weapon
 N - a scroll of summoning
 P - 4 scrolls of torment
Potions
 c - 12 potions of curing
 k - a potion of resistance
 l - 5 potions of attraction
 m - 10 potions of flight
 n - 5 potions of heal wounds
 u - a potion of berserk rage
 z - 7 potions of haste
 A - 4 potions of might
 B - 8 potions of ambrosia
 E - 3 potions of magic
 H - 3 potions of cancellation
 K - 5 potions of brilliance
 R - 5 potions of invisibility


   Skills:
 * Level 17.3(19.6) Fighting
 * Level 21.5(24.3) Polearms
 - Level 2.0 Throwing
 + Level 10.1(11.9) Armour
 * Level 20.1(21.4) Dodging
 + Level 11.8(13.4) Shields
 + Level 8.3(11.2) Spellcasting
 + Level 9.1(11.9) Hexes


You had 40 spell levels left.
You didn't know any spells.
Your spell library contained the following spells:

 Spells                   Type           Power      Damage    Failure   Level
 Corona                   Hex            38%        N/A       1%          1
 Slow                     Hex            35%        N/A       1%          2
 Cause Fear               Hex            17%        N/A       3%          4
 Ensorcelled Hibernation  Hex/Ice        42%        N/A       6%          2
 Inner Flame              Hex/Fire       21%        N/A       12%         3
 Portal Projectile        Hex/Tloc       42%        N/A       12%         3
 Fulminant Prism          Conj/Hex       10%        3d9       36%         4
 Magic Dart               Conj           28%        1d4       38%         1
 Leda's Liquefaction      Hex/Erth       10%        N/A       38%         4
 Beastly Appendage        Tmut           14%        N/A       41%         1
 Foxfire                  Conj/Fire      28%        2x1d5     41%         1
 Sting                    Tmut/Pois      28%        1d4       41%         1
 Animate Skeleton         Necr           12%        N/A       43%         1
 Pain                     Necr           24%        1d5       43%         1
 Blink                    Tloc           N/A        N/A       52%         2
 Searing Ray              Conj           14%        3d3       52%         2
 Static Discharge         Conj/Air       7%         N/A       54%         2
 Wereblood                Tmut           7%         N/A       54%         2
 Poisonous Vapours        Pois/Air       12%        N/A       56%         2
 Call Imp                 Summ           6%         N/A       58%         2
 Silence                  Hex/Air        10%        N/A       75%         5
 Conjure Flame            Conj/Fire      7%         6-21      78%         3
 Mephitic Cloud           Conj/Pois/Air  7%         N/A       78%         3
 Spider Form              Tmut/Pois      3%         N/A       78%         3
 Ignite Poison            Fire/Tmut/Pois 7%         N/A       80%         3
 Vampiric Draining        Necr           3%         2d6       82%         3
 Animate Armour           Summ/Erth      12%        N/A       99%         4
 Animate Dead             Necr           3%         N/A       99%         4
 Ice Form                 Ice/Tmut       7%         N/A       99%         4
 Iskenderun's Mystic Bla  Conj/Tloc      7%         2d4       99%         4
 Olgreb's Toxic Radiance  Pois           7%         N/A       99%         4
 Sticky Flame             Conj/Fire      7%         2d3       99%         4
 Agony                    Necr           6%         N/A       100%        5
 Borgnjor's Vile Clutch   Necr/Erth      3%         N/A       100%        5
 Fireball                 Conj/Fire      3%         3d4       100%        5
 Hydra Form               Tmut           3%         N/A       100%        5
 Lightning Bolt           Conj/Air       3%         1d15      100%        5
 Death Channel            Necr           3%         N/A       100%        6
 Shadow Creatures         Summ           N/A        N/A       100%        6
 Simulacrum               Ice/Necr       3%         N/A       100%        6
 Ignition                 Fire           3%         3d4       100%        8
 Shatter                  Erth           3%         3d7*      100%        9
 Tornado                  Air            3%         N/A       100%        9


Dungeon Overview and Level Annotations

Branches:
Dungeon (15/15)            Temple (1/1) D:6            Lair (6/6) D:8
  Swamp (4/4) Lair:3        Snake (0/4) Lair:3          Orc (2/2) D:12
    Elf (3/3) Orc:2        Vaults (0/5) D:13         Depths (0/5) D:15
Ossuary (visited)         Gauntlet (visited)
  Slime: Lair:5-6

Altars:
Ashenzari
Cheibriados
Dithmenos
Elyvilon
Fedhas
Gozag
Hepliaklqana
Kikubaaqudgha
Makhleb
Nemelex Xobeh
Okawaru
Qazlal
Ru
Sif Muna
Trog
Uskayaw
Vehumet
Wu Jian
Xom
Yredelemnul
Zin
The Shining One
Beogh

Shops:
Orc:1 [   Orc:2 [*=(   Elf:2 [*[:

Annotations:
Lair:5 exclusion: oklob plant


Innate Abilities, Weirdness & Mutations

((You are quick and stealthy near water. (Stealth+, EV+, Speed+++)))
Your lower body shifts to a powerful aquatic tail in water.
Your mind is acute. (Int +2)
You are strong-willed. (Will+)
Your system is resistant to poisons. (rPois)


Message History

The arrow closely misses you.
You completely miss the deep elf blademaster.
The deep elf blademaster is almost dead.
The deep elf blademaster hits you but does no damage.
The deep elf blademaster misses you.
The deep elf master archer shoots an arrow.
The arrow misses you.
You completely miss the deep elf blademaster.
The deep elf blademaster is severely wounded.
You block the deep elf blademaster's attack.
The deep elf blademaster completely misses you.
The deep elf master archer shoots an arrow.
You reflect the arrow off your +3 warlock's mirror {reflect}!
The arrow hits the deep elf master archer!!
You completely miss the deep elf blademaster.
The deep elf blademaster is severely wounded.
The deep elf master archer shoots an arrow.
The arrow completely misses you.
The deep elf blademaster hits you with a +0 rapier!
* * * LOW HITPOINT WARNING * * *
The deep elf blademaster hits you but does no damage.
Your chain mail of Etauneiv prevents you from hitting the deep elf blademaster.
The deep elf blademaster is severely wounded.
The deep elf master archer shoots an arrow.
You reflect the arrow off your +3 warlock's mirror {reflect}!
The arrow hits the deep elf master archer!!
The deep elf blademaster hits you with a +0 rapier.
* * * LOW HITPOINT WARNING * * *
The deep elf blademaster hits you with a +0 rapier!
* * * LOW HITPOINT WARNING * * *
As you read the scroll of teleportation, it crumbles to dust.
You feel strangely unstable.
The deep elf master archer shoots an arrow.
The arrow hits you!
* * * LOW HITPOINT WARNING * * *
You block the deep elf blademaster's attack.
The deep elf blademaster closely misses you.
The deep elf master archer shoots an arrow.
The arrow hits you!
You die...

#...# ##.#..#.#*
#...# ######..#..#.#
....####....))..)e.#*
.............))....#
#...)..............#
#...)...........)..#
#...#...........)..#
)...#.....|....#)).#
)...#..........#@e.#
#...#...e......#...#
+...#...####...#...#
#...#...#..#...#...#
#...#...#..#...#...#
#...#...#..'..)'...#
#...#...#..#...#...#
#...#...#..#...#...#
#...#...#..#...#...#


You could see a deep elf blademaster and a deep elf master archer.

Vanquished Creatures
  A bone dragon (Swamp:4)
  Jorgrun (Elf:2)
  3 deep elf blademasters
  A tentacled monstrosity (Swamp:2)
  A deep elf master archer (Elf:2)
  A thorn hunter (Swamp:2)
  Kirke (Swamp:4)
  The ghost of Renjy the Geomancer, an adept VSEE of Cheibriados (Elf:2)
  A fenstrider witch (Swamp:2)
  A fire giant (Elf:2)
  3 orc warlords
  Louise (Swamp:3)
  Aizul (Swamp:4)
  2 deep elf sorcerers (Elf:3)
  2 deep elf elementalists (Elf:3)
  Nessos (D:14)
  4 deep elf demonologists
  2 bunyips
  6 deep elf annihilators
  3 minotaurs
  An ettin (Orc:2)
  A merfolk impaler (Elf:2)
  2 eleionomae
  5 deep elf death magi (Elf:3)
  A great orb of eyes (D:15)
  2 shambling mangroves
  3 deep elf high priests (Elf:3)
  15 hydras
  2 rakshasas
  7 boulder beetles
  Erolcha (D:11)
  3 catoblepae
  11 centaur warriors
  A ghost crab (Swamp:2)
  An anaconda (Swamp:2)
  2 death knights
  16 alligators
  2 tengu warriors
  3 orc high priests
  A deep troll shaman (Lair:6)
  9 two-headed ogres
  24 dancing weapons
  4 death yaks (Lair:6)
  Urug (D:10)
  3 spriggans
  Sonja (D:13)
  A soul eater (Gauntlet)
  15 deep elf knights
  2 spriggan druids
  6 goliath frogs
  8 skeletal warriors
  A death drake (Swamp:4)
  4 spectral hydras (Swamp:4)
  A swamp dragon (Swamp:3)
  8 bog bodies
  A wizard (D:14)
  7 deep elf archers
  28 deep elf pyromancers
  2 phantasmal warriors
  6 orc knights
  A lindwurm (Lair:5)
  32 deep elf zephyrmancers
  6 orc sorcerers
  16 ugly things
  5 manticores
  A faun (shapeshifter) (D:15)
  2 will-o-the-wisps
  2 cyclopes
  24 elephants
  A black mamba (shapeshifter) (D:13)
  Maurice (D:13)
  10 black mambas
  5 gargoyles
  18 cane toads
  An unseen horror (D:12)
  4 rime drakes
  2 tengu conjurers
  9 komodo dragons
  4 swamp worm zombies (Swamp:4)
  A freezing wraith (D:12)
  A wind drake (shapeshifter) (D:13)
  3 hydra zombies (Swamp:4)
  14 tyrant leeches
  2 queen bees
  A bloated husk (Swamp:3)
  23 blink frogs
  2 polar bears
  5 hornets
  5 trolls
  Prince Ribbit (D:5)
  4 spectral swamp dragons (Swamp:4)
  12 slime creatures
  4 dream sheep (Lair:5)
  6 alligator zombies (Swamp:4)
  2 shadows
  A meliai zombie (D:11)
  10 flying skulls (Gauntlet)
  2 vampires
  2 air elementals (Elf:1)
  5 basilisks
  5 wyverns
  39 yaks
  6 wraiths
  A basilisk (shapeshifter) (D:14)
  2 hogs (Swamp:4)
  A golden eye (shapeshifter) (D:15)
  2 fire elementals
  A steam dragon (D:8)
  7 vampire mosquitoes
  17 swamp worms
  17 water moccasins
  7 wargs
  A naga (Lair:3)
  An acid dragon (D:10)
  4 swamp drakes
  A sky beast (D:8)
  5 black bears
  34 orc warriors
  2 necrophages
  7 ogres
  4 swamp dragon zombies (Swamp:4)
  3 boggarts (D:11)
  17 centaurs
  6 wolves (Lair:6)
  A kobold brigand (D:10)
  4 phantoms
  14 bullfrogs
  Blork the orc (D:5)
  2 scorpions
  6 earth elementals
  A gnoll sergeant (D:7)
  A wyvern zombie (D:5)
  A water moccasin zombie (Ossuary)
  36 killer bees
  15 wights
  4 vampire bats (D:14)
  4 electric eels
  3 howler monkeys
  2 bullfrog zombies (Ossuary)
  7 centaur zombies
  2 hounds
  13 orc priests
  A bullfrog skeleton (D:4)
  A centaur skeleton (D:6)
  2 jellies
  A gnoll shaman (D:7)
  Crazy Yiuf (D:5)
  12 hell rats
  An iguana (D:6)
  2 scorpion zombies (D:4)
  20 orc wizards
  4 killer bee zombies
  A hound skeleton (D:4)
  17 mummies (Ossuary)
  8 gnolls (D:7)
  A howler monkey skeleton (D:5)
  4 howler monkey zombies
  8 adders
  2 shadow imps (Gauntlet)
  2 white imps
  An adder zombie (D:4)
  2 adder skeletons
  3 worms
  3 dart slugs
  67 orcs
  8 ball pythons
  8 endoplasms
  5 goblins
  8 hobgoblins
  11 jackals
  6 kobolds
  2 quokkas
  12 bats
  5 frilled lizards
  6 rats
1041 creatures vanquished.

Vanquished Creatures (collateral kills)
  A swamp dragon (Swamp:2)
1 creature vanquished.

Vanquished Creatures (others)
  A deep elf sorcerer (Elf:3)
  A deep elf annihilator (Elf:3)
  A deep elf death mage (Elf:3)
  A ghost crab (Swamp:4)
  A deep elf knight (Elf:2)
  A phantasmal warrior (Swamp:4)
  A deep elf pyromancer (Elf:1)
  8 bloated husks
  A swamp worm (Swamp:4)
  2 phantoms (Swamp:4)
  An orc wizard (D:13)
  2 orcs (D:8)
  12 demonic plants (Gauntlet)
  14 foxfires
  27 fungi
  67 plants
  33 withered plants
174 creatures vanquished.

Grand Total: 1216 creatures vanquished

Notes
Turn   | Place    | Note
-------+----------+-------------------------------------------
     0 | D:1      | Lemonice the Merfolk Gladiator began the quest for the Orb.
     0 | D:1      | Reached XP level 1. HP: 16/16 MP: 1/1
   217 | D:1      | Reached XP level 2. HP: 16/23 MP: 2/2
   529 | D:1      | Found a faded altar of an unknown god.
   810 | D:1      | Reached XP level 3. HP: 28/28 MP: 3/3
  1264 | D:2      | Reached skill level 5 in Polearms
  1711 | D:2      | Reached skill level 1 in Shields
  1711 | D:2      | Reached XP level 4. HP: 21/35 MP: 4/4
  2467 | D:3      | Reached skill level 5 in Dodging
  2632 | D:3      | Reached XP level 5. HP: 10/41 MP: 5/5
  3451 | D:3      | Found an opulent altar of Gozag.
  3451 | D:3      | Found a sparkling altar of Nemelex Xobeh.
  3740 | D:4      | Noticed an ogre
  3753 | D:4      | Killed an ogre
  3754 | D:4      | Reached skill level 6 in Polearms
  3754 | D:4      | Reached XP level 6. HP: 48/48 MP: 6/6
  3832 | D:4      | Found a basalt altar of Yredelemnul.
  3920 | D:4      | Found a sand-covered staircase.
  3931 | Ossuary  | Entered an ossuary
  4205 | Ossuary  | Reached XP level 7. HP: 44/55 MP: 7/7
  4211 | Ossuary  | Reached skill level 7 in Polearms
  4448 | Ossuary  | Reached skill level 5 in Fighting
  4855 | Ossuary  | Reached skill level 8 in Polearms
  4991 | Ossuary  | Reached XP level 8. HP: 63/63 MP: 8/8
  5461 | D:4      | You fall into a shaft and drop 1 floor!
  5461 | D:5      | Entered Level 5 of the Dungeon
  5491 | D:5      | Noticed Blork the orc
  5659 | D:4      | Found a bloodstained altar of Trog.
  5660 | D:4      | Found a burning altar of Makhleb.
  5676 | D:4      | Found a transporter.
  5685 | D:4      | Found a transporter.
  6104 | D:5      | Reached skill level 9 in Polearms
  6276 | D:5      | Found a shadowy altar of Dithmenos.
  6289 | D:5      | Noticed Prince Ribbit
  6300 | D:5      | Killed Prince Ribbit
  6301 | D:5      | Reached XP level 9. HP: 56/71 MP: 9/9
  6458 | D:5      | Killed Blork the orc
  6881 | D:5      | Found a runed translucent door.
  6882 | D:5      | Noticed Crazy Yiuf
  6901 | D:5      | Identified the +10 whip of the Endless March {drain, Will+
                  | Str-4 Int+2}
  7070 | D:5      | Found a hazy altar of Hepliaklqana.
  7210 | D:5      | Found a glowing silver altar of Zin.
  7211 | D:5      | Found a snail-covered altar of Cheibriados.
  7286 | D:5      | Killed Crazy Yiuf
  7665 | D:6      | Reached skill level 10 in Polearms
  7725 | D:6      | Found a staircase to the Ecumenical Temple.
  7732 | Temple   | Entered the Ecumenical Temple
  8260 | D:6      | You fall into a shaft and drop 1 floor!
  8287 | D:7      | Reached skill level 1 in Armour
  8972 | D:7      | Identified the +1 chain mail of Etauneiv {-Cast Str+7 Dex+2
                  | SInv}
  9767 | D:8      | Reached skill level 10 in Dodging
  9799 | D:8      | Reached XP level 10. HP: 80/80 MP: 10/10
  9813 | D:8      | Reached skill level 11 in Polearms
 10123 | D:8      | Reached skill level 5 in Shields
 10654 | D:8      | Found a staircase to the Lair.
 11028 | D:8      | Found a shimmering altar of Xom.
 11029 | D:8      | Found a broken altar of Ashenzari.
 11045 | D:8      | Became a worshipper of Ashenzari the Shackled
 11045 | D:8      | Identified 2 scrolls of acquirement
 11049 | D:8      | Acquired a +3 vampiric demon trident
 11050 | D:8      | Acquired 507 gold pieces
 11273 | D:6      | Found a glowing golden altar of the Shining One.
 11967 | D:9      | Reached skill level 12 in Polearms
 12063 | D:9      | Reached XP level 11. HP: 87/89 MP: 11/11
 12096 | D:9      | Noticed a two-headed ogre
 12107 | D:9      | Killed a two-headed ogre
 12472 | D:10     | Entered Level 10 of the Dungeon
 12695 | D:10     | Noticed a two-headed ogre
 12706 | D:10     | Killed a two-headed ogre
 12927 | D:10     | Noticed Urug
 12941 | D:10     | Killed Urug
 13180 | D:10     | Reached * piety under Ashenzari
 13254 | D:11     | Reached skill level 10 in Fighting
 13260 | D:11     | Reached skill level 13 in Polearms
 13439 | D:11     | Noticed a boulder beetle
 13457 | D:11     | Killed a boulder beetle
 13458 | D:11     | Reached skill level 5 in Armour
 13530 | D:11     | Noticed a boulder beetle
 13548 | D:11     | Killed a boulder beetle
 13776 | D:11     | Noticed Erolcha
 13780 | D:11     | Cast into level 2 of the Abyss (Erolcha)
 13805 | D:11     | Escaped the Abyss
 13811 | D:11     | Killed Erolcha
 13812 | D:11     | Reached XP level 12. HP: 100/100 MP: 12/12
 13862 | D:11     | Found a shimmering blue altar of Sif Muna.
 14165 | Lair:1   | Entered Level 1 of the Lair of Beasts
 14241 | Lair:1   | Noticed a boulder beetle
 14263 | Lair:1   | Killed a boulder beetle
 14476 | Lair:1   | Reached ** piety under Ashenzari
 14560 | Lair:1   | Reached skill level 14 in Polearms
 14580 | Lair:1   | Noticed a six-headed hydra
 14589 | Lair:1   | Killed a six-headed hydra
 15453 | Lair:2   | Gained mutation: Your system is resistant to poisons.
                  | (rPois) [potion of mutation]
 15453 | Lair:2   | Gained mutation: You are strong-willed. (Will+) [potion of
                  | mutation]
 15453 | Lair:2   | Gained mutation: Your mind is acute. (Int +2) [potion of
                  | mutation]
 15548 | Lair:2   | Noticed a six-headed hydra
 15555 | Lair:2   | Killed a six-headed hydra
 16065 | Lair:3   | Noticed a six-headed hydra
 16080 | Lair:3   | Killed a six-headed hydra
 16081 | Lair:3   | Reached XP level 13. HP: 89/109 MP: 13/13
 16156 | Lair:3   | Reached skill level 15 in Polearms
 16250 | Lair:3   | Found a staircase to the Swamp.
 16545 | Lair:3   | Found a staircase to the Snake Pit.
 17955 | Lair:4   | Identified the -12 tower shield of Xouzall {rF+ Will+ Dex+3
                  | Slay+2}
 18282 | Lair:4   | Identified the +10 mace of Qazlal's Displeasure {vorpal,
                  | rElec rN+ Int-4 Dex+4}
 18572 | Lair:4   | Reached skill level 1 in Spellcasting
 18835 | Lair:5   | Reached skill level 1 in Hexes
 19405 | Lair:5   | Reached XP level 14. HP: 119/119 MP: 16/18
 20177 | D:12     | Reached skill level 16 in Polearms
 20259 | D:12     | Found a staircase to the Orcish Mines.
 20801 | D:12     | Reached skill level 15 in Dodging
 22273 | Orc:1    | Entered Level 1 of the Orcish Mines
 22275 | Orc:1    | Found Huistrar's Armour Shoppe.
 22835 | Orc:2    | Entered Level 2 of the Orcish Mines
 22856 | Orc:2    | Found a staircase to the Elven Halls.
 22976 | Orc:2    | Found Geiguli's Antique Armour Shoppe.
 23068 | Orc:2    | Noticed an orc warlord
 23114 | Orc:2    | Killed an orc warlord
 23212 | Orc:2    | Bought the +3 warlock's mirror {reflect} for 1280 gold
                  | pieces
 23212 | Orc:2    | Found the +3 warlock's mirror {reflect}
 23263 | Orc:2    | Found Setuth's General Store.
 23311 | Orc:2    | Reached skill level 17 in Polearms
 23378 | Orc:2    | Found Cyfus's Jewellery Boutique.
 23469 | Orc:2    | Bought the ring "Qibbuof" {rN+ Will+ SInv} for 525 gold
                  | pieces
 23469 | Orc:2    | Bought the amulet of Wiplifih {Acrobat rF+ Will+ Regen+}
                  | for 644 gold pieces
 23565 | Orc:2    | Reached XP level 15. HP: 127/127 MP: 22/22
 23584 | Orc:2    | Found Giroexzu's Antique Weapon Emporium.
 23931 | Elf:1    | Entered Level 1 of the Elven Halls
 24391 | Elf:1    | Identified Vehumet's Tome of Conjuration
 25243 | Elf:2    | Found a runed translucent gate.
 25254 | Elf:2    | Reached skill level 5 in Hexes
 25290 | Elf:2    | Found a runed translucent gate.
 25290 | Elf:2    | Noticed a fire giant
 25331 | Elf:2    | Found a runed translucent gate.
 25331 | Elf:2    | Found a runed translucent gate.
 25354 | Elf:2    | Found Hisysameg's Book Boutique.
 25385 | Elf:2    | Reached skill level 18 in Polearms
 25465 | Elf:2    | Reached XP level 16. HP: 107/136 MP: 25/25
 25522 | Elf:2    | Found a runed translucent gate.
 25522 | Elf:2    | Found a runed translucent gate.
 25522 | Elf:2    | Identified the +8 long sword "Beast's Funeral" {freeze,
                  | rCorr Int-2 SInv}
 25522 | Elf:2    | Identified the +4 ring mail of Yssih {rF- rN+ Str+6}
 25523 | Elf:2    | Noticed a deep elf master archer
 25523 | Elf:2    | Noticed Renjy's ghost (adept VSEE)
 25524 | Elf:2    | Noticed a deep elf blademaster
 25524 | Elf:2    | Found an iron altar of Okawaru.
 25530 | Elf:2    | Found Elir's General Store.
 25559 | Elf:2    | Noticed Jorgrun
 25573 | Elf:2    | Killed Jorgrun
 25600 | Elf:2    | Reached skill level 5 in Spellcasting
 25601 | Elf:2    | Found Rupul's Antique Armour Boutique.
 25765 | Elf:2    | Bought a scroll of enchant weapon for 97 gold pieces
 25796 | Elf:2    | Noticed a Hell Sentinel
 25797 | Elf:2    | Noticed a Brimstone Fiend
 26015 | Elf:2    | Found Xonuis's Armour Boutique.
 26785 | Lair:6   | Entered Level 6 of the Lair of Beasts
 27048 | Lair:6   | Reached skill level 10 in Shields
 27488 | Lair:6   | Reached skill level 15 in Fighting
 27880 | Lair:6   | Identified the +5 lajatang "Inizag" {drain, Str+3 Dex-4
                  | Stlth+}
 28166 | Swamp:1  | Entered Level 1 of the Swamp
 28336 | Swamp:1  | Reached skill level 19 in Polearms
 28409 | Swamp:1  | Reached XP level 17. HP: 128/145 MP: 28/28
 29416 | Swamp:2  | Found the +18 shield of the Gong {rElec rN+ Will+ EV-5}
 29666 | Swamp:2  | Noticed a tentacled monstrosity
 29698 | Swamp:2  | Killed a tentacled monstrosity
 30159 | Swamp:3  | Noticed Louise
 30180 | Swamp:3  | Killed Louise
 30447 | Swamp:4  | Entered Level 4 of the Swamp
 30798 | Swamp:4  | Noticed Kirke
 30798 | Swamp:4  | Noticed Aizul
 30801 | Swamp:4  | Noticed a sphinx
 30824 | Swamp:4  | Killed Aizul
 30832 | Swamp:4  | Killed Kirke
 31504 | Swamp:4  | Reached skill level 20 in Polearms
 31560 | Swamp:4  | Noticed a bone dragon
 31578 | Swamp:4  | Killed a bone dragon
 31579 | Swamp:4  | Reached XP level 18. HP: 118/154 MP: 30/30
 31587 | Swamp:4  | Got a decaying rune of Zot
 32119 | D:13     | Noticed Maurice
 32129 | D:13     | Killed Maurice
 32161 | D:13     | Found a gate to the Vaults.
 32626 | D:13     | Noticed Sonja
 32635 | D:13     | Killed Sonja
 32640 | D:13     | Reached *** piety under Ashenzari
 33253 | D:14     | Noticed Nessos
 33264 | D:14     | Killed Nessos
 33519 | D:14     | Found a glowing silver altar of Zin.
 33519 | D:14     | Found a white marble altar of Elyvilon.
 33521 | D:14     | Found a glowing golden altar of the Shining One.
 33667 | D:15     | Entered Level 15 of the Dungeon
 33760 | D:15     | Found a white marble altar of Elyvilon.
 33828 | D:15     | Found a gate leading to a gauntlet.
 33839 | Gauntlet | Entered a Gauntlet
 33839 | Gauntlet | Found a transporter.
 33853 | Gauntlet | Found a transporter.
 33863 | Gauntlet | Found a transporter.
 33868 | Gauntlet | Found a transporter.
 33885 | Gauntlet | Found a transporter.
 33902 | Gauntlet | Found a transporter.
 33904 | Gauntlet | Identified the ring of Pokhlane {Fly rElec rC++ AC+4 Str-2}
 33914 | Gauntlet | Found a transporter.
 33917 | Gauntlet | Identified the +0 helmet "Aceicsac" {Fly}
 33926 | Gauntlet | Identified the +1 cloak of Padwyah {rN+ rCorr Int+2 Dex+2}
 33926 | Gauntlet | Found a transporter.
 33932 | Gauntlet | Found a transporter.
 33932 | Gauntlet | Found a transporter.
 33947 | Gauntlet | Found a transporter.
 33952 | Gauntlet | Identified the ring "Ocaocea" {rN+ MP+9}
 33959 | Gauntlet | Identified the +0 hat "Egity" {Harm rF+ Will+}
 33959 | Gauntlet | Found a transporter.
 33976 | Gauntlet | Found a transporter.
 33993 | Gauntlet | Found a transporter.
 33995 | Gauntlet | Found a transporter.
 34020 | Gauntlet | Found a transporter.
 34022 | Gauntlet | Found a transporter.
 34042 | Gauntlet | Found a transporter.
 34924 | D:15     | Identified the +4 leather armour of the Undertaker {Rampage
                  | Drain rN+}
 35237 | D:15     | Found a staircase to the Depths.
 35581 | Elf:2    | Noticed a deep elf blademaster
 35620 | Elf:2    | Killed a deep elf blademaster
 35623 | Elf:2    | Reached XP level 19. HP: 64/166 MP: 33/33
 35938 | Elf:2    | Reached skill level 21 in Polearms
 36191 | Elf:2    | Killed Renjy's ghost
 36192 | Elf:2    | Reached skill level 10 in Armour
 36281 | Elf:3    | Entered Level 3 of the Elven Halls
 36297 | Elf:3    | Noticed a Brimstone Fiend
 37383 | Elf:3    | Noticed a Brimstone Fiend
 37420 | Elf:3    | Identified the +7 trident "Brush" {venom, rN+ Str+4}
 37554 | Elf:3    | HP: 1/167 [deep elf blademaster/+0 rapier (18)]
 37753 | Elf:3    | HP: 8/167 [deep elf master archer/arrow (17)]
 37753 | Elf:3    | Shot with an arrow by a deep elf master archer

Illustrated notes

Levels and vault maps discovered:
D:1:      dpeg_arrival_oval, layout_loops_ring, ebering_ecumenical_altar_webs
D:2:      minmay_inner_zag, layout_basic
D:3:      layout_basic, grunt_temple_overflow_opulence, grunt_ministairs_14
D:4:      layout_basic, gammafunk_temple_overflow_arena,
          nicolae_yredelemnul_corpse_copse, nicolae_ossuary_entry_plus
D:5:      layout_basic, nicolae_dithmenos_shadow_blocks,
          gammafunk_temple_overflow_wave, worldfamousw_hep_ancestral_shrine,
          uniq_prince_ribbit1, uniq_blork_the_orc, uniq_crazy_yiuf_cottage
D:6:      layout_loops_corners, lemuel_coloured_pillars_altar,
          minmay_temple_entry_mist
D:7:      layout_basic
D:8:      layout_basic, minitemple, lair_entry_dummy, kennysheep_generic_room_6
D:9:      layout_irregular_city, minivault_7
D:10:     layout_loops_ring, uniq_urug
D:11:     layout_big_octagon, chequers_hall_statues_wall_a, kennysheep_path_1,
          led_sif_pool, uniq_erolcha
D:12:     minmay_polygon_palace, layout_basic, david_orc_3, serial_curves,
          eino_curves_02, eino_curves_04
D:13:     minmay_clustersquares, layout_basic, erik_vaults_1, uniq_maurice,
          uniq_sonja
D:14:     layout_cave_pools, good_gods_temple_1, roderic_batcave,
          lemuel_nasty_fountain, uniq_nessos
D:15:     gammafunk_enter_depths_forms, layout_basic,
          nicolae_elyvilon_peaceful_grove, gauntlet_entry_generic
Temple:   jpeg_temple_alley_garden
Lair:1:   layout_roguey, special_room, nzn_sisyphean_effort, lemuel_fruit_fields
Lair:2:   layout_regular_city, minivault_27
Lair:3:   layout_cave_pods, nicolae_swamp_entry_splash_gauntlet,
          guppyfry_snake_entry_garden
Lair:4:   layout_cave_pods, infiniplex_staircase_pool_2
Lair:5:   layout_gridlike, minmay_slime_entry_oklob_enclosed
Lair:6:   grunt_lair_end_beastmaster, layout_misc_corridors, grunt_megastairs_4,
          serial_bayou_shore_b, infiniplex_staircase_pool
Swamp:1:  nicolae_swamp_ascending_descending_big, layout_basic_swamp,
          evilmike_swamp_ruin_rubble_1
Swamp:2:  nzn_winding_woodlands_small [nzn_winding_woodlands_5x15_garden,
          nzn_winding_woodlands_center_lodge,
          nzn_winding_woodlands_5x15_zeroes], layout_basic_swamp,
          hangedman_swamp_ruin_wall, nicolae_swamp_snake_nest
Swamp:3:  layout_basic_swamp, evilmike_swamp_ruin_house_6, uniq_louise
Swamp:4:  swamp_pestilence, layout_basic_swamp,
          nicolae_swamp_ascending_descending, uniq_aizul, uniq_kirke
Orc:1:    layout_diamond_mine, serial_shops, nicolae_shop_trees, basic_altar,
          mines2_david
Orc:2:    grunt_orc_gardens, layout_caves, grunt_orc_garden, grunt_orc_garden,
          grunt_orc_garden, grunt_orc_garden, mines_bat_river
Elf:1:    eino_elf_arrival_sip, layout_gridlike, minmay_elf_sorcery,
          minmay_misc_feat_diagonals, billiards_dpeg
Elf:2:    layout_gridlike, serial_shops, nicolae_shop_window_shopping, shop,
          nicolae_shop_behind_doors, shop, gammafunk_ghost_fury_of_okawaru,
          uniq_jorgrun
Elf:3:    minmay_elf_hall_x, layout_onion_city

Skill      XL: |  1  2  3  4  5  6  7  8  9 10 11 12 13 14 15 16 17 18 19 |
---------------+----------------------------------------------------------+-----
Polearms       | 5 6 8 9 10 12 13 14 15 17 18 19 20 21 | 21.5
Fighting       | 3 4 5 6 8 9 10 11 12 13 14 15 16 17 | 17.3
Shields        | 1 2 3 4 5 6 7 8 9 10 11 | 11.8
Dodging        | 5 6 7 8 10 11 12 13 14 15 16 17 18 19 20 | 20.1
Armour         | 2 3 5 6 7 8 9 10 | 10.1
Spellcasting   | 1 3 4 5 6 7 8 |  8.3
Hexes          | 1 3 5 6 7 8 9 |  9.1
Throwing       | |  2.0

Action                   |  1- 3 |  4- 6 |  7- 9 | 10-12 | 13-15 | 16-18 | 19-21 || total
-------------------------+-------+-------+-------+-------+-------+-------+-------++-------
Melee: Trident           |   103 |   234 |   511 |   131 |       |       |       ||   979
       Tailslap          |       |       |     3 |       |       |   103 |       ||   106
       Demon trident     |       |       |       |   510 |  1407 |  2176 |   449 ||  4542
Throw: Throwing net      |       |     1 |     1 |     1 |       |       |       ||     3
Invok: Curse Item        |       |       |       |     3 |     1 |     1 |       ||     5
Evoke: Wand              |       |       |       |       |       |     2 |       ||     2
  Use: Potion            |       |     1 |     3 |     1 |       |     3 |     1 ||     9
       Scroll            |       |       |       |     4 |       |     3 |     5 ||    12
 Stab: Sleeping          |     2 |     1 |     8 |       |       |       |       ||    11
       Held in net/web   |       |     3 |       |       |       |       |       ||     3
       Invisible         |       |     3 |     2 |       |       |       |       ||     5
       Confused          |       |       |       |       |       |     1 |       ||     1
Armor: Leather armour    |    29 |    50 |    61 |       |       |       |       ||   140
       Ring mail         |       |       |    32 |       |       |       |       ||    32
       Chain mail        |       |       |    20 |   220 |   217 |   436 |    61 ||   954
       Skin              |       |       |     1 |       |       |       |       ||     1
Dodge: Dodged            |    51 |   126 |   322 |   417 |   542 |  1413 |   212 ||  3083
Block: Kite shield       |       |       |       |   348 |   390 |       |       ||   738
       Buckler           |       |       |       |       |   153 |  1001 |   163 ||  1317
       Reflection        |       |       |       |       |    29 |    91 |    25 ||   145

Table legend: (Time is in decaauts)
 A = Elapsed time spent in this place.
 B = Non-inter-level travel time spent in this place.
 C = Inter-level travel time spent in this place.
 D = Time resting spent in this place.
 E = Time spent auto-exploring this place.
 F = Levels seen in this place.
 G = Mean time per level.
                   A        B        C        D        E       F      G
               +--------+--------+--------+--------+--------+-----+--------+
         Total |  35737 |  33246 |   2491 |    853 |  24860 |  34 | 1051.1 |
       Dungeon |  17594 |  16123 |   1471 |    232 |  12828 |  15 | 1172.9 |
        Temple |    290 |    228 |     62 |      0 |    183 |   1 |  290.0 |
          Lair |   7095 |   6585 |    510 |      0 |   5468 |   6 | 1182.5 |
         Swamp |   3015 |   2835 |    180 |      0 |   1871 |   4 |  753.8 |
  Orcish Mines |   1614 |   1492 |    122 |      0 |    921 |   2 |  807.0 |
   Elven Halls |   4128 |   3982 |    146 |      0 |   2879 |   3 | 1376.0 |
         Abyss |     24 |     24 |      0 |      0 |      0 |   1 |   24.0 |
       Ossuary |   1369 |   1369 |      0 |    621 |    402 |   1 | 1369.0 |
      Gauntlet |    603 |    603 |      0 |      0 |    306 |   1 |  603.0 |
               +--------+--------+--------+--------+--------+-----+--------+

Top non-repeatable levels by time:
  Lair:3: 1865 daAuts
     D:8: 1621 daAuts
    D:12: 1584 daAuts
     D:7: 1562 daAuts
   Elf:2: 1496 daAuts
     D:5: 1455 daAuts
 Ossuary: 1369 daAuts
   Elf:3: 1360 daAuts
    D:10: 1315 daAuts
     D:3: 1307 daAuts
  Lair:5: 1286 daAuts
   Elf:1: 1271 daAuts
     D:1: 1238 daAuts
     D:2: 1181 daAuts
  Lair:4: 1125 daAuts
